AoeStats
← 俄佐立仲裁者泰菲力

Nomad

510084463Analyzed
4v4 RM · 4d ago on Sep 29, 2026· 38m 41s· 8 players
Game mode
Random Map
Map size
231×231
Population
200
Speed
Normal
Resources
Standard
Victory
Conquest
Starting age
Dark Age
Ending age
Imperial Age
RankedLock teamsTeams togetherTeam positionsShared explorationLock speedFull tech treeHidden civsTurbo modeCheats
Victory
Defeat
🇹🇼 Dravidians · Taiwan
1883
+12
🇹🇼 Bengalis · Taiwan
1880
+12
🇹🇼 Turks · Taiwan
1859
+13
🇹🇼 Huns · Taiwan
1751
+18
🇭🇰 Georgians · Hong Kong SAR China
1905
-18
🇨🇳 Britons · China
1834
-15
🇨🇱 Berbers · Chile
1759
-12
🇭🇰 Khitans · Hong Kong SAR China
1698
-10
catastrophe
13:56 Feudal Age
14:24 Loom
14:52 Double-Bit Axe
15:41 Fishing Lines
18:10 Castle Age
16:09 Stone Mining
16:25 Gold Mining
19:03 Gillnets
19:30 Bow Saw
20:31 Fletching
23:21 Bodkin Arrow
28:32 Imperial Age
27:12 Ballistics
26:57 Town Watch
27:45 Treadmill Crane
28:56 Gold Shaft Mining
29:25 Bracer
31:41 Chemistry
32:24 Padded Archer Armor
34:14 Wheelbarrow
34:59 Horse Collar
37:04 Leather Archer Armor
38:41 Ring Archer Armor
watoncito
8:23 Loom
11:43 Feudal Age
12:08 Town Watch
13:36 Double-Bit Axe
14:30 Fletching
16:00 Horse Collar
18:42 Stone Mining
25:02 Castle Age
24:12 Gold Mining
26:00 Bow Saw
26:28 Gold Shaft Mining
29:16 Wheelbarrow
俄佐立仲裁者泰菲力
14:56 Feudal Age
13:12 Loom
15:40 Double-Bit Axe
16:19 Town Watch
19:03 Castle Age
17:10 Fishing Lines
19:25 Forging
20:23 Domestication
21:08 Bow Saw
23:11 Gillnets
23:36 Medium Warships
24:31 Gillnets
26:18 Wheelbarrow
25:47 Fletching
26:46 Bodkin Arrow
26:51 Padded Archer Armor
27:42 Elite Skirmisher
38:18 Husbandry
39:16 Iron Casting
38:47 Scale Barding Armor
欺负我有什么好
4:34 Loom
13:18 Feudal Age
14:51 Town Watch
17:48 Castle Age
15:58 Double-Bit Axe
16:00 Town Watch
17:24 Scale Barding Armor
17:54 Bloodlines
18:57 Forging
18:47 Horse Collar
19:24 Bow Saw
22:59 Wheelbarrow
24:58 Sanctity
27:51 Husbandry
29:44 Fervor
31:34 Hand Cart
31:57 Chain Barding Armor
31:37 Gold Mining
37:22 Imperial Age
35:41 Heavy Plow
37:08 Iron Casting
38:44 Plate Barding Armor
37:42 Elite Monaspa
39:09 Conscription
The72
11:29 Loom
13:46 Feudal Age
18:16 Fletching
18:59 Town Watch
22:35 Fishing Lines
26:01 Castle Age
24:39 Double-Bit Axe
26:45 Bodkin Arrow
27:13 Bow Saw
30:23 Horse Collar
31:22 Padded Archer Armor
35:30 Wheelbarrow
LeeChia
10:58 Loom
13:04 Feudal Age
16:44 Castle Age
15:17 Double-Bit Axe
18:55 Bow Saw
23:58 Padded Archer Armor
27:55 Wheelbarrow
28:40 Town Watch
34:11 Imperial Age
31:47 Horse Collar
33:18 Hand Cart
33:52 Bloodlines
33:39 Fletching
34:27 Husbandry
34:33 Scale Barding Armor
36:08 Chain Barding Armor
[LuB]a61
11:49 Loom
14:27 Feudal Age
14:56 Fishing Lines
15:02 Double-Bit Axe
15:42 Gold Mining
18:02 Castle Age
17:08 Fletching
17:20 Gold Mining
18:34 Gillnets
18:42 Bodkin Arrow
24:05 Padded Archer Armor
29:31 Wheelbarrow
29:11 Horse Collar
33:19 Ballistics
36:49 Imperial Age
35:17 Bow Saw
35:33 Hand Cart
35:44 Leather Archer Armor
35:42 Devotion
36:48 Thumb Ring
37:39 Bracer
37:47 Stone Mining
38:59 Chemistry
38:33 Elite Elephant Archer
DYS.K
14:05 Feudal Age
15:30 Double-Bit Axe
18:04 Castle Age
16:53 Gold Mining
18:58 Medium Warships
18:59 Bow Saw
19:00 Loom
21:29 Gold Shaft Mining
20:38 Horse Collar
21:01 Fletching
22:48 Scale Barding Armor
22:47 Heavy Plow
22:31 Fishing Lines
23:18 Bodkin Arrow
24:54 Wheelbarrow
26:10 Stone Mining
28:22 Gillnets
30:48 Hand Cart
33:59 Imperial Age
31:57 Town Watch
33:47 Chain Barding Armor
33:38 Forging
34:24 Marauders
34:19 Elite Tarkan
35:21 Conscription
35:54 Plate Barding Armor
36:02 Iron Casting
35:41 Bloodlines
35:42 Husbandry
39:42 Blast Furnace
Connection lost

Rejoining the realm…

Still unreachable

The connection could not be restored.

Session expired

The server has moved on; the page needs a fresh start.